 Dungeon Crawl Stone Soup version 0.22.0-18-ge075c0d (webtiles) character file.

8064 Inarius the Grappler (level 11, -8/85 (86) HPs)
             Began as a Ghoul Monk on Aug 18, 2018.
             Was an Elder of Makhleb.
             Mangled by a molten gargoyle
             ... wielding a +0 mace
              (11 damage)
             ... on level 11 of the Dungeon.
             The game lasted 00:28:20 (10877 turns).

Inarius the Grappler (Ghoul Monk)                  Turns: 10877, Time: 00:28:21

HP:   -8/85 (86)    AC: 17    Str: 19    XL:     11   Next: 25%
MP:   15/15         EV: 11    Int:  5    God:    Makhleb [****..]
Gold: 217           SH:  0    Dex: 16    Spells: 10/10 levels left

rFire    . . .     SeeInvis .     - Unarmed
rCold    + . .     Gourm    .   (no shield)
rNeg     + + +     Faith    .   J - +2 chain mail {MR+}
rPois    ∞         Spirit   .   I - +0 helmet
rElec    .         Reflect  .   p - +0 cloak
rCorr    .         Harm     .   E - +1 pair of gloves
MR       ++...                  (no boots)
Stlth    ..........             (no amulet)
HPRegen  0.00/turn              i - +5 ring of dexterity
MPRegen  0.14/turn              m - ring of protection from magic

@: about to teleport, rotting
A: rotting body, claws 1, carnivore, cold resistance 1, negative energy
resistance 3, inhibited regeneration, torment resistance, unbreathing
a: Minor Destruction, Lesser Servant of Makhleb, Major Destruction, Renounce
Religion


You were on level 11 of the Dungeon.
You worshipped Makhleb.
Makhleb was greatly pleased with you.
You were not hungry.

You visited 2 branches of the dungeon, and saw 12 of its levels.
You also visited: Sewer.

You collected 637 gold pieces.
You spent 420 gold pieces at shops.

Inventory:

Missiles
 B - 2 javelins (quivered)
Armour
 p - a +0 cloak (worn)
 E - a +1 pair of gloves (worn)
 I - a +0 helmet (worn)
 J - a +2 chain mail of magic resistance (worn)
Jewellery
 i - a +5 ring of dexterity (left hand)
 m - a ring of protection from magic (right hand)
Wands
 n - a wand of iceblast (6)
 y - a wand of polymorph (15)
Scrolls
 a - a scroll of silence
 c - 3 scrolls of teleportation
 e - 2 scrolls of immolation
 h - 3 scrolls of enchant armour
 k - a scroll of summoning {unknown}
 q - 4 scrolls of amnesia {unknown}
 s - 2 scrolls of fear {unknown}
 t - 3 scrolls of fog
 u - a scroll of blinking {unknown}
 x - 4 scrolls of magic mapping
 D - a scroll of brand weapon {unknown}
 F - a scroll of enchant weapon {unknown}
 G - 4 scrolls of remove curse
 H - a scroll of acquirement {unknown}
Potions
 d - a potion of might
 f - a potion of invisibility
 g - 2 potions of heal wounds {unknown}
 j - 2 potions of agility {unknown}
 l - 2 potions of cancellation {unknown}
 r - 6 potions of curing
 v - 2 potions of magic
 w - 4 potions of brilliance {unknown}
 z - 2 potions of haste
 C - 4 potions of ambrosia {unknown}
Comestibles
 b - 16 rations


   Skills:
 + Level 5.1 Fighting
 + Level 0.3 Throwing
 + Level 7.1 Armour
 + Level 6.2 Dodging
 - Level 2.2 Stealth
 + Level 12.5 Unarmed Combat
 * Level 7.7 Invocations
 + Level 0.2 Evocations


You had 10 spell levels left.
You didn't know any spells.
Your spell library contained the following spells:

 Spells                   Type           Power        Failure   Level  Hunger
 Magic Dart               Conj           #...         99%         1    ##.....
 Blink                    Tloc           N/A          100%        2    ###....
 Call Imp                 Summ           #.......     100%        2    ###....
 Slow                     Hex            #.......     100%        2    ###....
 Sticks to Snakes         Tmut           #.......     100%        2    ###....
 Conjure Flame            Conj/Fire      #.......     100%        3    ####...
 Mephitic Cloud           Conj/Pois/Air  #.......     100%        3    ####...
 Beastly Appendage        Tmut           Unusable     N/A         1    N/A
 Spider Form              Tmut/Pois      Unusable     N/A         3    N/A
 Ice Form                 Ice/Tmut       Unusable     N/A         4    N/A
 Blade Hands              Tmut           Unusable     N/A         5    N/A

Dungeon Overview and Level Annotations

Branches:
Dungeon (11/15)            Temple (1/1) D:7            Lair (0/6) D:10
    Orc: D:9-12

Altars:
Ashenzari
Cheibriados
Dithmenos
Elyvilon
Fedhas
Gozag
Hepliaklqana
Kikubaaqudgha
Makhleb
Nemelex Xobeh
Okawaru
Qazlal
Ru
Sif Muna
Trog
Uskayaw
Vehumet
Wu Jian
Xom
Yredelemnul
Zin
The Shining One

Shops:
D:7 [


Innate Abilities, Weirdness & Mutations

Your body is rotting away.
You thrive on raw meat.
You are immune to poison.
You have sharp fingernails.
You are carnivorous and can eat meat at any time.
Your flesh is cold resistant. (rC+)
You are immune to negative energy. (rN+++)
You do not regenerate when monsters are visible.
You are immune to unholy pain and torment.
You can survive without breathing.


Message History

You are too injured to fight recklessly!
You are too injured to fight recklessly!
You are too injured to fight recklessly!
You are too injured to fight recklessly!
You are too injured to fight recklessly!
You are too injured to fight recklessly!
You are too injured to fight recklessly!
You are too injured to fight recklessly!
You are too injured to fight recklessly!
You are too injured to fight recklessly!
You eat one of the 17 rations.
That ration really hit the spot!
The molten gargoyle blasts magma at you!
The bolt of magma hits you!
* * * LOW HITPOINT WARNING * * *
As you read the scroll of teleportation, it crumbles to dust.
You feel strangely unstable.
The molten gargoyle hits you with a mace.
* * * LOW HITPOINT WARNING * * *
You are engulfed in flames!
You die...

.....................#
.....................#
.....................#
#....................#
#....................#
#÷...................#
#....................#
.....................#
#.#.#.#.#.#.....@....#
.#.#.#.#.#.#...9.....#
# §.≈.....#..........#
.≈≈≈≈§§..#.........#
§≈≈≈≈≈§.#..........#
≈§88§≈≈.#.........#
≈≈88≈≈.#..........#
≈≈≈≈≈≈≈.#.........#
≈§≈≈≈≈.#...#####..#


You could see a molten gargoyle.

Vanquished Creatures
  An ugly thing (D:11)
  3 molten gargoyles
  A centaur skeleton (D:10)
  2 trolls
  A hornet (D:9)
  2 wyverns
  A wraith (D:10)
  3 yaks (D:10)
  Menkaure (D:7)
  2 soldier ants (D:9)
  7 ice beasts
  2 sky beasts
  2 black bears (D:10)
  2 orc warriors
  2 phantoms
  A hornet zombie (D:10)
  5 ogres
  2 wolves (D:10)
  2 big kobolds
  7 bullfrogs
  A water moccasin zombie (D:7)
  3 scorpions
  2 howler monkeys
  2 electric eels (D:10)
  A lava snake (D:11)
  A crimson imp (D:8)
  A centaur zombie (D:10)
  4 bullfrog zombies
  3 hounds
  2 jellies
  3 orc priests
  2 bullfrog skeletons
  10 orc wizards
  An iguana (D:7)
  7 worker ants
  2 centaur simulacra (D:10)
  A hound zombie (D:7)
  A worker ant zombie (D:6)
  Robin (D:2)
  A howler monkey skeleton (D:3)
  18 adders
  5 river rats (Sewer)
  3 shadow imps
  6 white imps (D:10)
  2 ufetubi (D:10)
  An ooze (D:3)
  3 adder skeletons
  7 worms
  A dart slug (D:2)
  9 leopard geckos
  30 orcs
  6 giant cockroaches
  12 goblins
  7 hobgoblins
  15 jackals
  22 kobolds
  2 quokkas
  13 ball pythons
  13 bats
  8 frilled lizards
  A giant cockroach zombie (D:3)
  4 quokka skeletons
  2 quokka zombies (D:3)
  30 rats
318 creatures vanquished.

Vanquished Creatures (others)
  A withered plant (D:3)
1 creature vanquished.

Grand Total: 319 creatures vanquished

Notes
Turn   | Place    | Note
-------+----------+-------------------------------------------
     0 | D:1      | Inarius the Ghoul Monk began the quest for the Orb.
     0 | D:1      | Reached XP level 1. HP: 19/19 MP: 0/0
    47 | D:1      | Reached XP level 2. HP: 23/26 MP: 1/1
   383 | D:1      | Reached XP level 3. HP: 27/31 MP: 2/2
   499 | D:1      | Reached skill level 4 in Unarmed Combat
   798 | D:2      | Found a snail-covered altar of Cheibriados.
   893 | D:2      | Reached XP level 4. HP: 36/40 MP: 3/3
  1559 | D:3      | Reached skill level 1 in Armour
  1604 | D:3      | Noticed a bullfrog
  1623 | D:3      | Reached XP level 5. HP: 39/46 MP: 4/4
  1683 | D:3      | Reached skill level 5 in Unarmed Combat
  1721 | D:3      | Reached XP level 6. HP: 28/52 MP: 5/5
  1896 | D:3      | Noticed Robin
  1962 | D:2      | Killed Robin
  2042 | D:3      | Found an ancient bone altar of Kikubaaqudgha.
  2043 | D:3      | Found a blossoming altar of Fedhas.
  2380 | D:3      | Found a sparkling altar of Nemelex Xobeh.
  2428 | D:4      | Reached skill level 6 in Unarmed Combat
  2472 | D:4      | Found a glowing drain.
  2512 | Sewer    | Entered a sewer
  3046 | Sewer    | Reached XP level 7. HP: 54/58 MP: 6/6
  3788 | D:5      | Entered Level 5 of the Dungeon
  3805 | D:5      | Reached skill level 7 in Unarmed Combat
  3897 | D:5      | Reached XP level 8. HP: 39/67 MP: 7/7
  4336 | D:5      | Found a sparkling altar of Nemelex Xobeh.
  4679 | D:6      | Found a hazy altar of Hepliaklqana.
  4680 | D:6      | Found a deep blue altar of Sif Muna.
  4711 | D:6      | Reached skill level 8 in Unarmed Combat
  5071 | D:6      | Got a transparent ring mail
  5086 | D:6      | Identified the cursed +0 ring mail of Muapi {rPois rC- Int+3} (You found it on level 6 of the Dungeon)
  5173 | D:6      | Found a glowing silver altar of Zin.
  5179 | D:6      | Found an iron altar of Okawaru.
  5180 | D:6      | Found a hazy altar of Hepliaklqana.
  5181 | D:6      | Found a basalt altar of Yredelemnul.
  5355 | D:6      | Got a shimmering steel amulet
  5359 | D:6      | Identified the amulet "Oppem" {Inacc +Fly rN+ Int+6} (You found it on level 6 of the Dungeon)
  5442 | D:7      | Found Qystrico's Antique Armour Shop.
  5452 | D:7      | Bought a pair of runed gloves for 210 gold pieces
  5487 | D:7      | Noticed Menkaure
  5494 | D:7      | Killed Menkaure
  5550 | D:7      | Found a staircase to the Ecumenical Temple.
  5558 | D:7      | Reached skill level 9 in Unarmed Combat
  5565 | Temple   | Entered the Ecumenical Temple
  5597 | Temple   | Became a worshipper of Makhleb the Destroyer
  5597 | Temple   | Reached * piety under Makhleb
  5597 | Temple   | Reached ** piety under Makhleb
  5766 | D:7      | Reached XP level 9. HP: 71/72 MP: 8/8
  5784 | D:7      | Reached skill level 5 in Armour
  5784 | D:7      | Reached skill level 1 in Invocations
  5810 | D:7      | Reached skill level 5 in Dodging
  6125 | D:8      | Found a glowing silver altar of Zin.
  6127 | D:8      | Found an iron altar of Okawaru.
  6127 | D:8      | Found a hide-covered altar of Uskayaw.
  6129 | D:8      | Found a hide-covered altar of Uskayaw.
  6129 | D:8      | Found a shattered altar of Ashenzari.
  6129 | D:8      | Found a shimmering altar of Xom.
  6506 | D:8      | Found a hide-covered altar of Uskayaw.
  6596 | D:8      | Found a stormy altar of Qazlal.
  6851 | D:9      | Reached skill level 10 in Unarmed Combat
  6904 | D:9      | Found an ornate altar of the Wu Jian Council.
  7009 | D:9      | Noticed a troll
  7018 | D:9      | Reached *** piety under Makhleb
  7709 | D:9      | Noticed a hornet
  7725 | D:9      | Killed a hornet
  7725 | D:9      | Reached skill level 5 in Invocations
  7911 | D:9      | Reached XP level 10. HP: 36/80 MP: 11/13
  8428 | D:10     | Entered Level 10 of the Dungeon
  8462 | D:10     | Found a staircase to the Lair.
  8621 | D:7      | Bought a shiny chain mail for 210 gold pieces
  8691 | D:10     | Reached skill level 11 in Unarmed Combat
  9002 | D:10     | Reached **** piety under Makhleb
  9309 | D:10     | Reached skill level 5 in Fighting
  9963 | D:11     | Noticed a red ugly thing
  9982 | D:11     | Killed a red ugly thing
  9982 | D:11     | Reached skill level 12 in Unarmed Combat
  9982 | D:11     | Reached XP level 11. HP: 44/84 MP: 15/15
 10876 | D:11     | HP: 4/85 [molten gargoyle/bolt of magma (27)]
 10877 | D:11     | Mangled by a molten gargoyle

Skill      XL: |  1  2  3  4  5  6  7  8  9 10 11 |
---------------+----------------------------------+-----
Dodging        | 3 4 5 6 |  6.2
Unarmed Combat | 4 5 6 7 9 10 12 | 12.5
Armour         | 1 2 3 4 5 6 7 |  7.1
Fighting       | 4 5 |  5.1
Invocations    | 5 7 |  7.7
Throwing       | |  0.3
Stealth        | |  2.2
Evocations     | |  0.2

Action                   |  1- 3 |  4- 6 |  7- 9 | 10-12 || total
-------------------------+-------+-------+-------+-------++-------
Melee: Unarmed           |   146 |   386 |   469 |   349 ||  1350
       Punch             |     1 |     7 |    15 |    18 ||    41
Throw: Javelin           |       |       |     4 |       ||     4
Invok: Minor Destruction |       |       |    25 |    22 ||    47
Evoke: Wand              |       |       |     1 |     3 ||     4
       Phantom mirror    |       |       |       |     1 ||     1
  Use: Scroll            |       |     6 |     4 |     6 ||    16
       Potion            |       |       |       |     1 ||     1
 Stab: Sleeping          |     3 |       |     3 |       ||     6
       Distracted        |       |       |     1 |       ||     1
  Eat: Chunk             |     9 |    33 |    49 |    28 ||   119
       Ration            |       |       |       |     1 ||     1
Armor: Robe              |    24 |       |       |       ||    24
       Leather armour    |    15 |       |       |       ||    15
       Ring mail         |       |   133 |   177 |    24 ||   334
       Chain mail        |       |       |       |   141 ||   141
Dodge: Dodged            |   119 |   249 |   384 |   163 ||   915
